 Dungeon Crawl Stone Soup version 0.31-a0-1338-gb567cfdca4 (webtiles) character file.

Game seed: 4956339446420569735

233 pokeman the Magician (level 5, 0/29 HPs)
             Began as a Deep Elf Hedge Wizard on Dec 22, 2023.
             Slain by a kobold
             ... wielding a +0 short sword
              (1 damage)
             ... on level 4 of the Dungeon.
             The game lasted 00:05:40 (3783 turns).

pokeman the Magician (Deep Elf Hedge Wizard)        Turns: 3783, Time: 00:05:41

Health: 0/29       AC:  3    Str:  7    XL:     5   Next: 74%
Magic:  0/15       EV: 13    Int: 21    God:
Gold:   213        SH:  0    Dex: 14    Spells: 4/16 levels left

rFire   . . .        r - +2 dagger (venom)
rCold   . . .        (no shield)
rNeg    . . .        b - +0 robe
rPois   .            s - +0 helmet
rElec   .            (no cloak)
rCorr   .            (no gloves)
SInv    .            (no boots)
Will    .....        (no amulet)
Stlth   ++           (no ring)
HPRegen 0.24/turn    (no ring)
MPRegen 0.14/turn

%: no passive effects
@: no status effects
A: no striking features
a: no special abilities


You were on level 4 of the Dungeon.
You visited 1 branch of the dungeon, and saw 4 of its levels.

You collected 213 gold pieces.

Inventory:

Hand Weapons
 r - a +2 dagger of venom (weapon)
Armour
 b - a +0 robe (worn)
 s - a +0 helmet (worn)
Wands
 a - a wand of paralysis (9)
Scrolls
 f - 2 scrolls of fear {unknown}
 h - 2 scrolls of identify {unknown}
 i - a scroll of immolation {unknown}
 k - a scroll of blinking {unknown}
 n - a scroll of vulnerability {unknown}
 o - a scroll of poison {unknown}
Potions
 d - 2 potions of magic
 e - a potion of lignification {unknown}
 g - a potion of haste {unknown}
 j - 2 potions of heal wounds {unknown}
 l - a potion of might {unknown}
 m - a potion of cancellation {unknown}
 p - a potion of berserk rage {unknown}
 q - a potion of brilliance {unknown}


   Skills:
 + Level 1.0 Fighting
 - Level 1.0 Armour
 - Level 3.0 Dodging
 - Level 3.0 Stealth
 * Level 6.4 Spellcasting
 + Level 2.8 Conjurations
 - Level 1.1 Summonings
 - Level 1.1 Translocations
 + Level 1.2 Fire Magic
 - Level 1.0 Air Magic
 - Level 1.0 Alchemy


You had 4 spell levels left.
You knew the following spells:

 Your Spells              Type           Power      Damage    Failure   Level
a - Magic Dart            Conj           72%        1d6       3%          1
b - Mephitic Cloud        Conj/Alch/Air  13%        N/A       14%         3
c - Call Imp              Summ           22%        N/A       9%          2
d - Blink                 Tloc           22%        N/A       9%          2
e - Flame Wave            Conj/Fire      15%        2d7       38%         4

Your spell library contained the following spells:

 Spells                   Type           Power      Damage    Failure   Level
 Scorch                   Fire           22%        2d5       9%          2
 Freeze                   Ice            24%        1d4       10%         1
 Slow                     Hex            24%        N/A       10%         1
 Cigotuvi's Dreadful Rot  Necr/Alch/Air  18%        N/A       11%         2
 Hailstorm                Conj/Ice       12%        3d6       16%         3
 Inner Flame              Hex/Fire       9%         N/A       22%         3
 Frozen Ramparts          Ice            12%        1d2       28%         3
 Irradiate                Conj/Alch      7%         3d14      75%         5
 Summon Cactus Giant      Summ           5%         N/A       100%        6
 Ignition                 Fire           5%         3d4       100%        8


Dungeon Overview and Level Annotations

Branches:
Dungeon (4/15)
 Temple: D:4-7

Altars:
Ashenzari
Cheibriados
Xom


Message History

The magic dart hits the phantom but does no damage.
The phantom is severely damaged.
The kobold shouts!
The phantom hits you.
The phantom blinks!
You blink.
Casting: Magic Dart (safe; 3% risk of failure)
Confirm with . or Enter, or press ? or * to list all spells.
Aiming: Magic Dart (safe; 3% risk of failure)
Press: ? - help, Shift-Dir - straight line, f/p - phantom
Aim: a phantom (severely damaged, 100% to hit)
The magic dart hits the phantom.
The phantom is severely damaged.
The phantom hits you.
* * * LOW HITPOINT WARNING * * *
Casting: Magic Dart (safe; 3% risk of failure)
Confirm with . or Enter, or press ? or * to list all spells.
Aiming: Magic Dart (safe; 3% risk of failure)
Press: ? - help, Shift-Dir - straight line, f/p - phantom
Aim: a phantom (severely damaged, 100% to hit)
The magic dart hits the phantom.
The phantom is severely damaged.
The phantom hits you.
* * * LOW HITPOINT WARNING * * *
Casting: Magic Dart (safe; 3% risk of failure)
Confirm with . or Enter, or press ? or * to list all spells.
Aiming: Magic Dart (safe; 3% risk of failure)
Press: ? - help, Shift-Dir - straight line, f/p - phantom
Aim: a phantom (severely damaged, 100% to hit)
The magic dart hits the phantom.
The phantom is almost destroyed.
The phantom barely misses you.
Unknown command.
You miss the phantom.
The phantom is almost destroyed.
The phantom hits you but does no damage.
An iguana comes into view.
The kobold closely misses you. The phantom hits you.
* * * LOW HITPOINT WARNING * * *
The kobold attacks as it pursues you!
The kobold hits you with a +0 short sword.
You die...

..#.# #.#
#.#.# #.#
#.#.# #.#
#.#.#
#>###...#
#.#....######
#.#.##......#
#.#.#######.#
#####@..#
#.#####
#...WK.##
#....<##
#.?....#
#####..#
#......# ##..
#....[## ##.
#.....# # #.
.......#
..####
.."l..$#
......
........#
#.....


You could see a phantom, an iguana (wandering) and a kobold.

Vanquished Creatures
  An iguana (D:3)
  Jessica (D:2)
  An orc wizard (D:3)
  3 gnolls (D:3)
  3 adders
  3 worms
  2 dart slugs
  4 orcs
  3 ball pythons
  7 endoplasms
  6 giant cockroaches
  6 goblins
  6 hobgoblins
  4 jackals (D:3)
  6 kobolds
  4 quokkas
  8 bats
  2 frilled lizards
  8 rats
78 creatures vanquished.

Notes
Turn   | Place    | Note
-------+----------+-------------------------------------------
     0 | D:1      | pokeman the Deep Elf Hedge Wizard began the quest for the
                  | Orb.
     0 | D:1      | Reached XP level 1. HP: 10/10 MP: 7/7
   343 | D:1      | Reached XP level 2. HP: 15/15 MP: 6/9
   843 | D:1      | Reached skill level 5 in Spellcasting
  1138 | D:2      | Reached XP level 3. HP: 20/20 MP: 9/11
  1142 | D:2      | Learned a level 3 spell: Mephitic Cloud
  1145 | D:2      | Learned a level 2 spell: Call Imp
  1148 | D:2      | Learned a level 2 spell: Blink
  1201 | D:2      | HP: 1/20 [worm (9)]
  1777 | D:2      | Reached skill level 1 in Fighting
  1777 | D:2      | Reached skill level 1 in Armour
  1803 | D:2      | Noticed Jessica
  1808 | D:2      | Killed Jessica
  1809 | D:2      | Reached XP level 4. HP: 19/25 MP: 6/13
  2107 | D:2      | Learned a level 4 spell: Flame Wave
  2610 | D:3      | Found a shimmering altar of Xom.
  2661 | D:3      | Reached skill level 6 in Spellcasting
  2661 | D:3      | Reached XP level 5. HP: 18/29 MP: 8/15
  2756 | D:3      | Found a broken altar of Ashenzari.
  2756 | D:3      | Found a snail-covered altar of Cheibriados.
  2951 | D:3      | Reached skill level 1 in Air Magic
  3085 | D:3      | Reached skill level 1 in Fire Magic
  3085 | D:3      | Reached skill level 1 in Alchemy
  3762 | D:4      | Noticed a phantom
  3782 | D:4      | HP: 1/29 [phantom (5)]
  3783 | D:4      | Slain by a kobold

Illustrated notes

Levels and vault maps discovered:
D:1:      dpeg_arrival_chambers_temple_mockup, layout_basic
D:2:      layout_loops_ring, minmay_statues_item, uniq_jessica
D:3:      layout_basic, mainiacjoe_overflow_tiny_flanked,
          nicolae_overflow_two_pavilions, chequers_decorated_corner,
          minmay_pentomino_pile
D:4:      layout_rooms, minmay_crystal_water, kennysheep_doodads,
          roderic_roman_lattice

Skill      XL: |  1  2  3  4  5 |
---------------+----------------+-----
Spellcasting   | 5 6 |  6.4
Fighting       | 1 |  1.0
Armour         | 1 |  1.0
Conjurations   | 2 |  2.8
Stealth        | 3 |  3.0
Dodging        | 3 |  3.0
Air Magic      | 1 |  1.0
Fire Magic     | 1 |  1.2
Alchemy        | 1 |  1.0
Summonings     | |  1.1
Translocations | |  1.1

Action                     |  1- 3 |  4- 6 || total
---------------------------+-------+-------++-------
  Melee: Dagger            |    12 |    24 ||    36
         Punch             |     1 |     1 ||     2
   Cast: Magic Dart        |    96 |   115 ||   211
         Mephitic Cloud    |     1 |     4 ||     5
   Stab: Confused          |     2 |     5 ||     7
 Armour: Robe              |    14 |    21 ||    35
  Dodge: Dodged            |    15 |    27 ||    42

Table legend: (Time is in decaauts)
 A = Elapsed time spent in this place.
 B = Non-inter-level travel time spent in this place.
 C = Inter-level travel time spent in this place.
 D = Time resting spent in this place.
 E = Time spent auto-exploring this place.
 F = Levels seen in this place.
 G = Mean time per level.
                   A        B        C        D        E       F      G
               +--------+--------+--------+--------+--------+-----+--------+
         Total |   3781 |   3717 |     64 |     59 |   3207 |   4 |  945.2 |
       Dungeon |   3781 |   3717 |     64 |     59 |   3207 |   4 |  945.2 |
               +--------+--------+--------+--------+--------+-----+--------+

Top non-repeatable levels by time:
     D:2: 1283 daAuts
     D:1: 1159 daAuts
     D:3: 1031 daAuts
     D:4: 306 daAuts
